AoeStats
← momoJR

Four Lakes

507774479Analyzed
1v1 RM · 12d ago on Sep 19, 2026· 34m 7s· 2 players
Game mode
Random Map
Map size
Tiny (2 player)
Population
200
Speed
Normal
Resources
Standard
Victory
Conquest
Starting age
Dark Age
Ending age
Imperial Age
RankedLock teamsTeams togetherTeam positionsShared explorationLock speedFull tech treeHidden civsTurbo modeCheats
Victory
Defeat
🇧🇪 Huns · Belgium
1268
+17
🇦🇷 Chinese · Argentina
1286
-17
dzan
8:52 Feudal Age
9:35 Loom
9:49 Double-Bit Axe
13:24 Horse Collar
20:37 Castle Age
18:37 Fletching
19:22 Gold Mining
19:45 Bloodlines
19:47 Forging
19:43 Scale Barding Armor
22:16 Husbandry
25:12 Wheelbarrow
25:52 Chain Barding Armor
26:07 Iron Casting
25:40 Town Watch
27:38 Hand Cart
30:14 Stone Mining
33:54 Imperial Age
31:41 Hand Cart
33:12 Marauders
34:30 Devotion
momoJR
0:35 Loom
10:29 Feudal Age
11:12 Double-Bit Axe
11:16 Fishing Lines
18:24 Castle Age
18:06 Fletching
19:42 Bow Saw
20:23 Gillnets
22:43 Wheelbarrow
22:37 Horse Collar
29:04 Town Watch
30:19 Bodkin Arrow
32:06 Padded Archer Armor
32:23 Heavy Plow
32:49 Gold Mining
32:56 Stone Mining
Connection lost

Rejoining the realm…

Still unreachable

The connection could not be restored.

Session expired

The server has moved on; the page needs a fresh start.